 Dungeon Crawl Stone Soup version 0.32-a0-18-g89e19f1974 (webtiles) character file.

Game seed: 16077371113262008608

91 Hellonello the Insei (level 4, -3/28 HPs)
             Began as an Octopode Shapeshifter on Jan 16, 2024.
             Incinerated by a bombardier beetle (4 damage)
             ... with a burning spray
             ... on level 4 of the Dungeon.
             The game lasted 00:02:06 (668 turns).

Hellonello the Insei (Octopode Shapeshifter)         Turns: 668, Time: 00:02:07

Health: -3/28      AC:  1    Str: 13    XL:     4   Next: 57%
Magic:  4/4        EV: 13    Int: 12    God:
Gold:   83         SH:  0    Dex: 13    Spells: 3/3 levels left

rFire   . .          .
                       - Unarmed
rCold   . . .        (no shield)
rNeg    . . .        (helmet currently unavailable)
rPois   .            (no amulet)
rElec   .            (no ring)
rCorr   .            (no ring)
SInv    .            (no ring)
Will    .....        (no ring)
Stlth   +            (no ring)
HPRegen 0.24/turn    (no ring)
MPRegen 0.09/turn    (no ring)
                     (no ring)

%: no passive effects
@: on fire, beast-form, glowing
A: beast (slay +1), almost no armour, amphibious, 8 rings, camouflage 1,
gelatinous body 1, (nimble swimmer 1), tentacles
a: Begin Untransformation


You were on level 4 of the Dungeon.
You were a hulking beast.
You visited 1 branch of the dungeon, and saw 3 of its levels.

You collected 83 gold pieces.

Inventory:

Talismans
 b - a beast talisman
 c - a flux talisman
Scrolls
 e - a scroll of vulnerability
Potions
 f - a potion of invisibility


   Skills:
 - Level 1.0 Fighting
 - Level 2.0 Dodging
 + Level 5.2 Unarmed Combat
 - Level 3.0 Shapeshifting


You had 3 spell levels left.
You didn't know any spells.
Your spell library contained the following spells:

 Spells                   Type           Power      Damage    Failure   Level
 Necrotise                Necr           0%         1d4       32%         1
 Vampiric Draining        Necr           0%         2d6       69%         3
 Martyr's Knell           Necr/Summ      0%         N/A       97%         4
 Curse of Agony           Necr           0%         N/A       100%        5


Dungeon Overview and Level Annotations

Branches:
Dungeon (2/15)

Altars:
Nemelex Xobeh

Shops:
D:2 (


Innate Abilities, Weirdness & Mutations

You are a hulking beast.
Your limbs bulge with bestial killing power. (Slay +1)
You cannot wear most types of armour.
You are amphibious.
You can wear up to eight rings at the same time.
Your skin changes colour to match your surroundings (Stealth+).
Your rubbery body absorbs attacks. (AC +1, EV +1)
((You are camouflaged when in or above water. (Stealth+)))
You have tentacles for arms and can constrict up to eight enemies at once.


Message History

You closely miss the hobgoblin. Your grab misses the hobgoblin.
Your tentacle-slap misses the hobgoblin.
Your squeeze misses the hobgoblin. The hobgoblin hits you.
You completely miss the hobgoblin. Your grab misses the hobgoblin.
The hobgoblin hits you.
You completely miss the hobgoblin. Your grab misses the hobgoblin.
The hobgoblin hits you.
You tentacle-slap the hobgoblin but do no damage.
Your grab misses the hobgoblin. The hobgoblin hits you.
You closely miss the hobgoblin. You grab the hobgoblin.
You constrict the hobgoblin. The hobgoblin barely misses you.
You bludgeon the hobgoblin!
You kill the hobgoblin!
A kobold comes into view. It is wielding a +0 short sword.
The bombardier beetle bites you.
You completely miss the bombardier beetle.
You grab the bombardier beetle.
You constrict the bombardier beetle, but do no damage.
You tentacle-slap the bombardier beetle.
You squeeze the bombardier beetle!
The bombardier beetle is severely wounded.
You constrict the bombardier beetle.
The bombardier beetle sprays incendiary fluid at you.
The burning spray hits you.
You are covered in liquid fire!
You tentacle-slap the bombardier beetle.
You kill the bombardier beetle!
The liquid fire burns you!
The kobold shouts!
Your Unarmed Combat skill increases to level 5!
You shake off some of the fire as you move.
The liquid fire burns you!
* * * LOW HITPOINT WARNING * * *
You are on fire!
The liquid fire burns you!
* * * LOW HITPOINT WARNING * * *
The liquid fire burns you!
* * * LOW HITPOINT WARNING * * *
The liquid fire burns you!
You die...

##############
#............###
#..........#....
#..............
#..........#####..
#..........'....._
#..........#####..
#..............#
####.#.###†.h#.....K.
#....# #.####.#....
#.#.###..# ...###
#.#.# #.## .## #.#.#
#.# .# #†#.###.#####
# #.#.#........
#####.....#.....
..............#


There were no monsters in sight!

Vanquished Creatures
  A bombardier beetle (D:4)
  2 adders (D:2)
  3 dart slugs
  8 bats
  4 endoplasms (D:1)
  A giant cockroach (D:1)
  4 hobgoblins
  A quokka (D:1)
  5 ball pythons
  A frilled lizard (D:1)
  2 goblins (D:1)
  2 kobolds (D:1)
  3 rats (D:1)
37 creatures vanquished.

Notes
Turn   | Place    | Note
-------+----------+-------------------------------------------
     0 | D:1      | Hellonello the Octopode Shapeshifter began the quest for
                  | the Orb.
     0 | D:1      | Reached XP level 1. HP: 13/13 MP: 1/1
    77 | D:1      | Reached XP level 2. HP: 18/18 MP: 2/2
   267 | D:1      | Reached skill level 4 in Unarmed Combat
   327 | D:1      | Reached XP level 3. HP: 23/23 MP: 3/3
   609 | D:2      | Found Viedgh's Antique Weapon Shop.
   615 | D:2      | You fall into a shaft and drop 2 floors!
   634 | D:4      | Reached XP level 4. HP: 28/28 MP: 4/4
   650 | D:4      | Found a sparkling altar of Nemelex Xobeh.
   665 | D:4      | Reached skill level 5 in Unarmed Combat
   667 | D:4      | HP: 1/28 [burnt (3)]
   668 | D:4      | Incinerated by a bombardier beetle

Illustrated notes

Levels and vault maps discovered:
D:1:      spicycebolla_green_bress_n_ham, layout_rooms, minmay_cupped
D:2:      kennysheep_big_flooded_room, layout_basic, serial_shops, shop,
          basic_altar, mrwooster_statue_mirror
D:4:      layout_rooms, mainiacjoe_overflow_six_doors_small,
          mainiacjoe_overflow_surrounded_room, minmay_misc_feat_plants

Skill      XL: |  1  2  3  4 |
---------------+-------------+-----
Unarmed Combat | 4 5 |  5.2
Fighting       | |  1.0
Dodging        | |  2.0
Shapeshifting  | |  3.0

Action                     |  1- 3 |  4- 6 || total
---------------------------+-------+-------++-------
  Melee: Unarmed           |    68 |    11 ||    79
         Constrict         |    17 |     3 ||    20
         Tentacles         |     8 |     2 ||    10
    Use: Potion            |     3 |       ||     3
         Scroll            |     1 |       ||     1
   Stab: Sleeping          |     7 |       ||     7
         Invisible         |     1 |       ||     1
         Distracted        |       |     1 ||     1
 Armour: Skin              |    51 |     6 ||    57
  Dodge: Dodged            |    41 |     1 ||    42

Table legend: (Time is in decaauts)
 A = Elapsed time spent in this place.
 B = Non-inter-level travel time spent in this place.
 C = Inter-level travel time spent in this place.
 D = Time resting spent in this place.
 E = Time spent auto-exploring this place.
 F = Levels seen in this place.
 G = Mean time per level.
                   A        B        C        D        E       F      G
               +--------+--------+--------+--------+--------+-----+--------+
         Total |    648 |    630 |     18 |     97 |    343 |   3 |  216.0 |
       Dungeon |    648 |    630 |     18 |     97 |    343 |   3 |  216.0 |
               +--------+--------+--------+--------+--------+-----+--------+

Top non-repeatable levels by time:
     D:1: 462 daAuts
     D:2: 135 daAuts
     D:4: 51 daAuts
